 Dungeon Crawl Stone Soup version 0.21-a0-140-g479285b (webtiles) character file.

272 grindst0ne the Ruffian (level 6, -2/56 HPs)
             Began as a Ghoul Gladiator on July 19, 2017.
             Slain by a bullfrog (4 damage)
             ... in a sewer.
             The game lasted 00:06:25 (2450 turns).

grindst0ne the Ruffian (Ghoul Gladiator)            Turns: 2450, Time: 00:06:25

Health: -2/56      AC:  8    Str: 25    XL:     6   Next: 23%
Magic:  5/5        EV:  8    Int:  8    God:
Gold:   108        SH:  0    Dex: 10    Spells: 5/5 levels left

rFire    . . .     SeeInvis .     - Unarmed
rCold    + . .     Gourm    .   (no shield)
rNeg     + + +     Faith    .   a - +0 scale mail (curse)
rPois    ∞         Spirit   .   b - +0 helmet
rElec    .         Reflect  .   (no cloak)
rCorr    .         Harm     .   n - +0 pair of gloves
MR       +....                  (no boots)
Stlth    ..........             (no amulet)
HPRegen  0.00/turn              r - ring of protection from magic
MPRegen  0.09/turn              (no ring)

@: mighty, brilliant, flying, rotting, constricted
A: rotting body, claws 1, carnivore 3, cold resistance 1, negative energy
resistance 3, inhibited regeneration, torment resistance, unbreathing
a: no special abilities


You were in a sewer.
You were not hungry.

You visited 1 branch of the dungeon, and saw 3 of its levels.
You also visited: Sewer.

You collected 108 gold pieces.

Inventory:

Missiles
 c - 3 throwing nets (quivered)
Armour
 a - a cursed +0 scale mail (worn)
 b - a +0 helmet (worn)
 n - a +0 pair of gloves (worn)
Jewellery
 r - a ring of protection from magic (left hand)
Scrolls
 e - 3 scrolls of remove curse {unknown}
 g - 4 scrolls of enchant weapon {unknown}
 l - 3 scrolls of identify {unknown}
 p - a scroll of random uselessness {unknown}
 t - 3 scrolls of recharging {unknown}
 u - a scroll of immolation {unknown}
 v - a scroll of fog {unknown}
 w - a scroll of magic mapping {unknown}
Potions
 j - 2 potions of magic
 q - a potion of mutation {unknown}
 s - 2 potions of heal wounds {unknown}
Comestibles
 d - 2 meat rations
 k - 3 chunks of flesh


   Skills:
 + Level 5.1 Fighting
 - Level 1.7 Throwing
 - Level 2.6 Dodging
 + Level 5.7 Unarmed Combat


You had 5 spell levels left.
You didn't know any spells.

Dungeon Overview and Level Annotations

Branches:
Dungeon (3/15)

Altars:


Innate Abilities, Weirdness & Mutations

Your body is rotting away.
You thrive on raw meat.
You are immune to poison.
You have sharp fingernails.
You are carnivorous and can eat meat at any time.
Your flesh is cold resistant. (rC+)
You are immune to negative energy. (rN+++)
You do not regenerate when monsters are visible.
You are immune to unholy pain and torment.
You can survive without breathing.


Message History

* * * LOW HITPOINT WARNING * * *
The bullfrog hits you but does no damage.
The bullfrog hits you.
* * * LOW HITPOINT WARNING * * *
The adder bites you but does no damage.
It was a potion of brilliance.
You feel clever all of a sudden. The bullfrog hits you.
* * * LOW HITPOINT WARNING * * *
The bullfrog hits you.
* * * LOW HITPOINT WARNING * * *
The ball python bites you but does no damage.
The ball python constricts you.
The ball python bites you but does no damage.
The adder bites you but does no damage.
It was a potion of flight.
You feel very buoyant.
You fly up into the air.
The bullfrog closely misses you. The bullfrog hits you.
You die...

###################
###..≈≈≈≈≈≈≈SSS≈≈≈≈≈#S
##...≈≈≈≈≈≈≈≈@Fl≈≈≈≈≈≈S
#.....≈≈≈≈≈≈S†F≈≈≈≈≈≈≈.
#.....≈≈≈≈≈≈≈≈≈≈≈≈≈≈≈≈.
##.....≈≈≈≈≈≈≈≈≈≈≈≈≈≈≈≈.
#.....#≈≈≈≈≈≈≈≈≈≈≈≈≈≈≈#.
#....##################
##...#### #....#..#
#....'..#


You could see 2 bullfrogs, an adder, 3 ball pythons and a frilled lizard.

Vanquished Creatures
  A bullfrog (D:3)
  8 adders
  6 river rats
  A worm (D:2)
  A dart slug (D:1)
  2 orcs (D:3)
  10 ball pythons
  9 bats
  A giant cockroach (D:2)
  4 hobgoblins
  2 jackals (D:3)
  3 quokkas (D:2)
  2 frilled lizards
  4 goblins
  8 kobolds
  27 rats
89 creatures vanquished.

Notes
Turn   | Place    | Note
-------+----------+-------------------------------------------
     0 | D:1      | grindst0ne the Ghoul Gladiator began the quest for the Orb.
     0 | D:1      | Reached XP level 1. HP: 17/17 MP: 0/0
   268 | D:1      | Reached XP level 2. HP: 25/25 MP: 1/1
   747 | D:2      | Reached XP level 3. HP: 14/30 MP: 2/2
  1362 | D:2      | Reached XP level 4. HP: 34/38 MP: 3/3
  1857 | D:3      | Noticed a bullfrog
  1863 | D:3      | Killed a bullfrog
  1863 | D:3      | Reached skill level 5 in Unarmed Combat
  1863 | D:3      | Reached XP level 5. HP: 40/47 MP: 4/4
  2046 | D:3      | Found a glowing drain.
  2056 | Sewer    | Entered a sewer
  2323 | Sewer    | Reached XP level 6. HP: 23/55 MP: 5/5
  2369 | Sewer    | Reached skill level 5 in Fighting
  2449 | Sewer    | HP: 2/56 [bullfrog (1)]
  2450 | Sewer    | Slain by a bullfrog

Vault maps used:
D:1:      minmay_arrival_plants_in_alcoves, minmay_statues_item,
          minmay_pentomino_q2
D:3:      cheibrodos_sewer_entry_sluice
Sewer:    sewer_minmay_w

Skill      XL: |  1  2  3  4  5  6 |
---------------+-------------------+-----
Fighting       | 3 4 5 |  5.1
Unarmed Combat | 4 5 |  5.7
Throwing       | |  1.7
Dodging        | |  2.6

Action                   |  1- 3 |  4- 6 || total
-------------------------+-------+-------++-------
Melee: Unarmed           |   112 |   187 ||   299
       Punch             |       |     3 ||     3
  Use: Potion            |       |     8 ||     8
  Eat: Chunk             |     8 |    15 ||    23
Armor: Leather armour    |    33 |       ||    33
       Ring mail         |    23 |    39 ||    62
       Scale mail        |       |   126 ||   126
Dodge: Dodged            |    67 |   164 ||   231
